[Event "RUS-chT Men Rapid 2019"]
[Site "Sochi"]
[Date "2019.10.18"]
[Round "5.7"]
[White "Vastrukhin, Oleg"]
[Black "Morozevich, Alexander"]
[Result "0-1"]
[ECO "A00"]
[WhiteElo "2428"]
[BlackElo "2659"]
[Annotator "RC"]
[PlyCount "128"]
[EventDate "2019.10.18"]
[EventType "swiss"]
[EventCountry "RUS"]
[SourceTitle "playchess.com"]
[Source "ChessBase"]
[SourceQuality "1"]
[TimeControl "900+10"]

1. g3 e5 2. Bg2 d5 3. c3 c6 4. d4 Nd7 5. c4 dxc4 6. Nf3 exd4 7. Qxd4 Nb6 8. Qxd8+ Kxd8 9. Nc3 Nf6 10. Be3 Nfd5 11. Rd1 Kc7 12. Bd4 f6 13. O-O Nxc3 14. bxc3 Bd6 15. e4 Re8 16. Nd2 c5 17. Be3 Be6 18. f4 Rad8 19. e5 fxe5 20. Ne4 Bf8 21. Rxd8 Rxd8 22. fxe5 Nd5 23. Bxc5 Bxc5+ 24. Nxc5 Bg8 25. e6 Nf6 26. Nxb7 Rd2 27. Nc5 Rxa2 28. e7 Re2 29. Ra1 Rxe7 30. Rxa7+ Kd6 31. Nb7+ Ke5 32. Ra1 Nd5 33. Na5 Rc7 34. Re1+ Kf6 35. Rf1+ Ke7 36. Re1+ Kd6 37. Rd1 Kc5 38. Rb1 Nxc3 39. Nb7+ Kd4 40. Rb2 Bd5 41. Nd6 Kc5 42. Nf5 Bxg2 43. Kxg2 Nd5 44. Ra2 Kb4 45. Nd4 c3 46. Kf3 Kc4 47. Ne2 Rf7+ 48. Ke4 Re7+ 49. Kf3 Nb4 50. Ra8 Rc7 51. Ke3 Nd5+ 52. Kf2 c2 53. Ra3 Kb4 54. Rd3 Rf7+ 55. Rf3 Rxf3+ 56. Kxf3 Kc4 57. Nc1 Kc3 58. Ke4 Nf6+ 59. Kf5 Kd2 60. Nb3+ Ke3 61. g4 Ne4 62. h4 g6+ 63. Ke5 Nc5 64. Nc1 Nd3+ 0-1

[Event "RUS-chT Men Rapid 2019"]
[Site "Sochi"]
[Date "2019.10.18"]
[Round "5.10"]
[White "Lysyj, Igor"]
[Black "Bryakin, Mikhail"]
[Result "1-0"]
[ECO "D11"]
[WhiteElo "2596"]
[BlackElo "2440"]
[Annotator "ChessBase"]
[PlyCount "139"]
[EventDate "2019.10.18"]
[EventType "swiss"]
[EventCountry "RUS"]
[SourceTitle "playchess.com"]
[Source "ChessBase"]
[SourceQuality "1"]
[TimeControl "900+10"]

1. d4 d5 2. c4 c6 3. Nf3 Nf6 4. g3 Bf5 5. Nc3 e6 6. Qb3 Qb6 7. c5 Qc7 8. Bf4 Qc8 9. Nh4 Be4 10. f3 Bg6 11. e4 Nbd7 12. exd5 Nxd5 13. Nxd5 cxd5 14. Bb5 Be7 15. Nxg6 hxg6 16. Rc1 a6 17. c6 axb5 18. cxd7+ Qxd7 19. Rc7 Qd8 20. Qxb5+ Kf8 21. Qxb7 Rb8 22. Qc6 g5 23. Bd2 g6 24. O-O Kg7 25. b3 Bf6 26. Be3 Qg8 27. Rf2 Re8 28. Rc2 Qh7 29. Qb7 Ref8 30. Qa6 Qh3 31. Qf1 Qh5 32. Qe2 Re8 33. R2c6 Qh3 34. Rb7 e5 35. Rxf6 Kxf6 36. dxe5+ Kg7 37. Bxg5 Kg8 38. Re7 Rxe7 39. Bxe7 Kh7 40. Bc5 Rc8 41. b4 Qf5 42. a4 d4 43. Kf2 Qb1 44. a5 d3 45. Qd2 Rd8 46. a6 Qh1 47. Ke3 Qg1+ 48. Ke4 Qf1 49. a7 Qh3 50. Ke3 Qf5 51. f4 Qd7 52. Kf2 Qd5 53. Ke3 Qh1 54. Bd6 Qg1+ 55. Qf2 Qb1 56. Qg2 Qa1 57. Qb7 Qe1+ 58. Kxd3 Qd1+ 59. Ke3 Qb3+ 60. Kd4 Qa2 61. Qc7 Ra8 62. Bc5 Qd2+ 63. Kc4 Kh6 64. Kb5 Qd5 65. Qc6 Qd8 66. Qd6 Qe8+ 67. Kb6 Rd8 68. Qf8+ Qxf8 69. Bxf8+ Rxf8 70. Kb7 1-0

[Event "RUS-chT Men Rapid 2019"]
[Site "Sochi"]
[Date "2019.10.18"]
[Round "5.11"]
[White "Golubov, Saveliy"]
[Black "Gutenev, Alexander"]
[Result "1/2-1/2"]
[ECO "A48"]
[WhiteElo "2469"]
[BlackElo "2469"]
[Annotator "ChessBase"]
[PlyCount "72"]
[EventDate "2019.10.18"]
[EventType "swiss"]
[EventCountry "RUS"]
[SourceTitle "playchess.com"]
[Source "ChessBase"]
[SourceQuality "1"]
[TimeControl "900+10"]

1. d4 Nf6 2. Nf3 g6 3. Bg5 Bg7 4. Nbd2 d5 5. c3 O-O 6. e3 b6 7. Bd3 Bb7 8. O-O Nbd7 9. h3 Ne4 10. Bf4 Re8 11. Bxe4 dxe4 12. Ng5 e5 13. dxe5 Nxe5 14. Ngxe4 Nd3 15. f3 Nxf4 16. exf4 f5 17. Nf2 Qd6 18. Re1 Qxf4 19. Rxe8+ Rxe8 20. Nf1 Qg5 21. Qa4 Re7 22. h4 Qf6 23. Qxa7 Bc6 24. Qb8+ Kf7 25. h5 gxh5 26. Rd1 Kg6 27. Qd8 Bb5 28. Nh3 Bh6 29. Qd5 Qe5 30. Qd8 Bxf1 31. Rxf1 Be3+ 32. Kh1 Bh6 33. Qg8+ Bg7 34. Qc4 Qd6 35. Qh4 Bh6 36. Qc4 Qe6 1/2-1/2

[Event "RUS-chT Men Rapid 2019"]
[Site "Sochi"]
[Date "2019.10.18"]
[Round "5.12"]
[White "Remizov, Yaroslav"]
[Black "Apryshko, Gleb"]
[Result "0-1"]
[ECO "B06"]
[WhiteElo "2394"]
[BlackElo "2382"]
[Annotator "NA"]
[PlyCount "82"]
[EventDate "2019.10.18"]
[EventType "swiss"]
[EventCountry "RUS"]
[SourceTitle "playchess.com"]
[Source "ChessBase"]
[SourceQuality "1"]
[TimeControl "900+10"]

1. e4 g6 2. d4 Bg7 3. Nf3 d6 4. Nc3 a6 5. Be3 Nd7 6. Bd3 e6 7. Qd2 h6 8. O-O Ne7 9. Ne2 b6 10. Ng3 Bb7 11. h3 c5 12. c3 Qc7 13. Nh2 f5 14. Rae1 O-O-O 15. Qe2 b5 16. a4 c4 17. Bc2 Nf6 18. axb5 axb5 19. d5 e5 20. exf5 g5 21. Ra1 Nexd5 22. Ra7 Qc6 23. Ne4 Nxe4 24. Bxe4 Nxc3 25. Bxc6 Nxe2+ 26. Kh1 Bxc6 27. Rxg7 Rhf8 28. Ng4 Rxf5 29. Re1 Nf4 30. Bxf4 Rxf4 31. Kg1 Rd4 32. Nxh6 Rd2 33. Nf5 Rxb2 34. Ra1 Be4 35. Ra6 Rd2 36. Ne7+ Kb7 37. Ra1 Rd7 38. Ra5 Rb2 39. Ra3 Rb3 40. Ra1 c3 41. f3 c2 0-1

[Event "RUS-chT Men Rapid 2019"]
[Site "Sochi"]
[Date "2019.10.18"]
[Round "5.13"]
[White "Shcherbin, Matvei"]
[Black "Yatzenko, Anton"]
[Result "0-1"]
[ECO "C45"]
[WhiteElo "2366"]
[BlackElo "2383"]
[Annotator "NA"]
[PlyCount "102"]
[EventDate "2019.10.18"]
[EventType "swiss"]
[EventCountry "RUS"]
[SourceTitle "playchess.com"]
[Source "ChessBase"]
[SourceQuality "1"]
[TimeControl "900+10"]

1. e4 e5 2. Nf3 Nc6 3. d4 exd4 4. Nxd4 Bc5 5. Nb3 Bb6 6. Nc3 Nf6 7. Qe2 d6 8. Be3 Be6 9. O-O-O Qe7 10. Nd5 Bxd5 11. exd5 Ne5 12. Nd4 O-O-O 13. Nf5 Qf8 14. Bxb6 axb6 15. f4 Ned7 16. Qc4 Re8 17. Bd3 Nc5 18. b4 Nxd3+ 19. Rxd3 Re4 20. Rd4 Rxd4 21. Qxd4 Qd8 22. Re1 Re8 23. Rxe8 Qxe8 24. Nxg7 Qe1+ 25. Kb2 Ne4 26. Nf5 b5 27. Qe3 Qxb4+ 28. Kc1 Kb8 29. a3 Qc4 30. Qd3 Qxd3 31. cxd3 Nc3 32. Ne7 Ne2+ 33. Kd2 Nxf4 34. g3 Ng6 35. Ng8 Kc8 36. Nf6 Nf8 37. Ke3 Kd8 38. g4 c5 39. dxc6 bxc6 40. h4 Ke7 41. g5 Ke6 42. Ng4 c5 43. Kf4 Nd7 44. h5 Nb6 45. Ke4 d5+ 46. Kf4 b4 47. axb4 cxb4 48. Ne3 b3 49. Nd1 Na4 50. h6 b2 51. Nxb2 Nxb2 {[%emt 0:00:01] Ke5+ Kxe5} 0-1

[Event "RUS-chT Men Rapid 2019"]
[Site "Sochi"]
[Date "2019.10.18"]
[Round "5.14"]
[White "Goltsev, Dmitry"]
[Black "Eraschenkov, Denis"]
[Result "1/2-1/2"]
[ECO "C42"]
[WhiteElo "2309"]
[BlackElo "2382"]
[Annotator "NA"]
[PlyCount "131"]
[EventDate "2019.10.18"]
[EventType "swiss"]
[EventCountry "RUS"]
[SourceTitle "playchess.com"]
[Source "ChessBase"]
[SourceQuality "1"]
[TimeControl "900+10"]

1. e4 e5 2. Nf3 Nf6 3. Nxe5 d6 4. Nc4 Nxe4 5. Nc3 Nf6 6. d4 Be7 7. Be2 O-O 8. O-O Nbd7 9. Ne3 Re8 10. Qd3 g6 11. f4 Bf8 12. Bf3 Bg7 13. Bd2 Nf8 14. Rae1 c5 15. dxc5 dxc5 16. Qxd8 Rxd8 17. Bc1 Ne6 18. Ned5 Nxd5 19. Nxd5 Nd4 20. Be4 Kf8 21. c3 Bf5 22. Bxf5 Nxf5 23. Rd1 Rd6 24. Ne3 Rad8 25. Rxd6 Nxd6 26. Rd1 f5 27. g4 fxg4 28. Nxg4 Nf7 29. Rxd8+ Nxd8 30. Kf2 Kf7 31. Kf3 Ke6 32. Nf2 Nf7 33. Ne4 b6 34. Be3 Bf8 35. b3 Be7 36. c4 h5 37. Nc3 Nd8 38. Ke4 Bd6 39. Nd5 Nf7 40. Bd2 Bb8 41. a4 Nd6+ 42. Kd3 Nf5 43. a5 Nd4 44. b4 Nf3 45. Be3 cxb4 46. a6 Nxh2 47. Nxb4 Kd7 48. Ke4 Ng4 49. Bg1 Nf6+ 50. Kf3 Bd6 51. Nd3 Kc6 52. Ne5+ Bxe5 53. fxe5 Ne8 54. Kf4 Nc7 55. Kg5 Nxa6 56. Bf2 Nc7 57. Kxg6 a5 58. Kxh5 a4 59. Kg6 Ne6 60. Kf6 Nc7 61. e6 a3 62. Bd4 a2 63. Ke7 b5 64. cxb5+ Kxb5 65. Kd7 Nxe6 66. Kxe6 1/2-1/2

[Event "RUS-chT Men Rapid 2019"]
[Site "Sochi"]
[Date "2019.10.18"]
[Round "5.15"]
[White "Keosidi, Konstantin"]
[Black "Kulik, Artur"]
[Result "1-0"]
[ECO "B24"]
[WhiteElo "2400"]
[BlackElo "2014"]
[Annotator "NA"]
[PlyCount "129"]
[EventDate "2019.10.18"]
[EventType "swiss"]
[EventCountry "RUS"]
[SourceTitle "playchess.com"]
[Source "ChessBase"]
[SourceQuality "1"]
[TimeControl "900+10"]

1. e4 c5 2. Nc3 Nc6 3. Bb5 Nd4 4. Bc4 g6 5. Nf3 Bg7 6. d3 Nf6 7. O-O O-O 8. Nxd4 cxd4 9. Nd5 Nxd5 10. Bxd5 e6 11. Bb3 d5 12. exd5 exd5 13. Qf3 Be6 14. Bf4 Qd7 15. Rfe1 Rae8 16. Qg3 f5 17. Be5 Bxe5 18. Qxe5 Qg7 19. Qd6 Bf7 20. Qd7 Be6 21. Qd6 Bf7 22. h3 g5 23. Bxd5 Rd8 24. Bxf7+ Qxf7 25. Qe7 Qxe7 26. Rxe7 Rf7 27. Rae1 Kf8 28. Rxf7+ Kxf7 29. Re5 Kf6 30. Rc5 Rd7 31. Kf1 Re7 32. a4 h5 33. a5 h4 34. b4 Re6 35. Rc7 Re7 36. Rxe7 Kxe7 37. Ke2 Kd6 38. Kd2 g4 39. f3 gxf3 40. gxf3 Ke5 41. c3 dxc3+ 42. Kxc3 Kd5 43. d4 b5 44. axb6 axb6 45. b5 Ke6 46. Kc4 f4 47. Kc3 Kd6 48. Kd2 Ke6 49. Kd3 Kd5 50. Kc3 Ke6 51. Kc4 Kd6 52. d5 Ke5 53. d6 Kxd6 54. Kd4 Ke6 55. Ke4 Kd6 56. Kxf4 Kc5 57. Ke5 Kxb5 58. f4 Kc4 59. f5 b5 60. f6 b4 61. f7 b3 62. f8=Q b2 63. Qb8 Kc3 64. Kf4 Kc2 65. Ke4 1-0

[Event "RUS-chT Men Rapid 2019"]
[Site "Sochi"]
[Date "2019.10.18"]
[Round "5.16"]
[White "Kolchin, Maxim"]
[Black "Dianov, Alexey"]
[Result "1-0"]
[ECO "D02"]
[WhiteElo "2077"]
[BlackElo "2158"]
[Annotator "NA"]
[PlyCount "111"]
[EventDate "2019.10.18"]
[EventType "swiss"]
[EventCountry "RUS"]
[SourceTitle "playchess.com"]
[Source "ChessBase"]
[SourceQuality "1"]
[TimeControl "900+10"]

1. d4 d5 2. Nf3 c5 3. c3 Nf6 4. Bf4 Qb6 5. Qb3 c4 6. Qxb6 axb6 7. Bxb8 Rxb8 8. Nbd2 Bf5 9. a3 h6 10. g3 e6 11. Bg2 b5 12. O-O Be7 13. Ne5 O-O 14. Rfe1 Rfd8 15. f3 Bh7 16. e4 Bd6 17. exd5 Nxd5 18. f4 Nb6 19. Ne4 Na4 20. Nxd6 Rxd6 21. Re2 f6 22. Ng4 Bd3 23. Rd2 Bg6 24. Re1 Be8 25. Ne3 Bc6 26. Bh3 Nc5 27. Bf1 Ne4 28. Rde2 f5 29. Nc2 b6 30. Bg2 Kf7 31. Ne3 Bd5 32. Nc2 Rg8 33. Rf1 Ke7 34. Ne3 Rd7 35. g4 g6 36. Ra1 Ra7 37. h3 Kd6 38. Kh2 Rga8 39. Rg1 Rh8 40. Bh1 Rf7 41. gxf5 gxf5 42. Rg6 Kc7 43. Bxe4 fxe4 44. f5 Re8 45. Rxh6 Bb7 46. fxe6 Rfe7 47. d5 Rf8 48. Rd2 Kd6 49. Rh5 Rf3 50. Nf5+ Rxf5 51. Rxf5 e3 52. Re2 Bxd5 53. Rxe3 Bxe6 54. Rxb5 Kc6 55. Rbe5 Kd6 56. Rxe6+ 1-0

[Event "RUS-chT Men Rapid 2019"]
[Site "Sochi"]
[Date "2019.10.18"]
[Round "5.17"]
[White "Tsydypov, Zhamsaran"]
[Black "Nesterov, Arseniy"]
[Result "1-0"]
[ECO "C45"]
[WhiteElo "2553"]
[BlackElo "2484"]
[Annotator "ChessBase"]
[PlyCount "81"]
[EventDate "2019.10.18"]
[EventType "swiss"]
[EventCountry "RUS"]
[SourceTitle "playchess.com"]
[Source "ChessBase"]
[SourceQuality "1"]
[TimeControl "900+10"]

1. e4 e5 2. Nf3 Nc6 3. d4 exd4 4. Nxd4 Bc5 5. Nb3 Bb6 6. Nc3 Nf6 7. Bg5 h6 8. Bh4 O-O 9. Qe2 Nd4 10. Qd3 Nxb3 11. axb3 c6 12. O-O-O Bc7 13. Kb1 Re8 14. f3 Be5 15. g4 Qa5 16. Bg3 d6 17. Be1 Qc7 18. h4 b5 19. g5 Nh5 20. gxh6 g6 21. Ne2 a5 22. f4 Nxf4 23. Nxf4 Bxf4 24. h7+ Kh8 25. h5 g5 26. Bc3+ Be5 27. Qxd6 Qxd6 28. Rxd6 Bxc3 29. bxc3 b4 30. Bc4 Be6 31. Bxe6 Rxe6 32. Rxe6 fxe6 33. Rg1 Kxh7 34. Rxg5 a4 35. cxb4 axb3 36. c3 Ra2 37. Rc5 Kh6 38. Rxc6 Kxh5 39. b5 Kg5 40. b6 Ra8 41. Rxe6 1-0

[Event "RUS-chT Men Rapid 2019"]
[Site "Sochi"]
[Date "2019.10.18"]
[Round "5.18"]
[White "Shubin, Kirill"]
[Black "Triapishko, Alexandr"]
[Result "1/2-1/2"]
[ECO "B13"]
[WhiteElo "2416"]
[BlackElo "2514"]
[Annotator "ChessBase"]
[PlyCount "64"]
[EventDate "2019.10.18"]
[EventType "swiss"]
[EventCountry "RUS"]
[SourceTitle "playchess.com"]
[Source "ChessBase"]
[SourceQuality "1"]
[TimeControl "900+10"]

1. e4 c6 2. d4 d5 3. exd5 cxd5 4. Bd3 Nf6 5. c3 Bg4 6. Qc2 Nc6 7. h3 Bh5 8. Bf4 e6 9. Nd2 Bd6 10. Bxd6 Qxd6 11. Ngf3 O-O 12. O-O Rfc8 13. Qd1 Rab8 14. a4 Na5 15. Qe2 a6 16. Rfe1 Qb6 17. b4 Nc6 18. a5 Qc7 19. Qe3 Bxf3 20. Nxf3 h6 21. Rac1 Re8 22. Bb1 b6 23. axb6 Rxb6 24. Qd3 a5 25. bxa5 Nxa5 26. Ne5 Kf8 27. Re3 Nc4 28. Re2 Reb8 29. Ba2 Nd6 30. c4 dxc4 31. Bxc4 Nxc4 32. Rxc4 Rb1+ 1/2-1/2

[Event "RUS-chT Men Rapid 2019"]
[Site "Sochi"]
[Date "2019.10.18"]
[Round "5.19"]
[White "Moiseenko, Vadim"]
[Black "Dudin, Gleb"]
[Result "1-0"]
[ECO "C00"]
[WhiteElo "2532"]
[BlackElo "2314"]
[Annotator "ChessBase"]
[PlyCount "69"]
[EventDate "2019.10.18"]
[EventType "swiss"]
[EventCountry "RUS"]
[SourceTitle "playchess.com"]
[Source "ChessBase"]
[SourceQuality "1"]
[TimeControl "900+10"]

1. e4 e6 2. d4 d5 3. Bd3 dxe4 4. Bxe4 Nf6 5. Bf3 c5 6. Ne2 Nc6 7. Be3 cxd4 8. Nxd4 Ne5 9. Nc3 Bb4 10. Ndb5 Nxf3+ 11. Qxf3 a6 12. Rd1 Qe7 13. a3 axb5 14. axb4 Qxb4 15. Bd4 Qe7 16. Be5 Nd5 17. Bxg7 Rg8 18. Bd4 Bd7 19. Nxd5 exd5+ 20. Kd2 Qg5+ 21. Kc3 b4+ 22. Kb3 Ba4+ 23. Kxb4 Bxc2 24. Rhe1+ Be4 25. Bf6 Qxg2 26. Qxg2 Rxg2 27. Rxd5 Rxf2 28. Rxe4+ Kf8 29. Rd6 Rxh2 30. Be7+ Ke8 31. Bg5+ Kf8 32. Bh6+ Kg8 33. Rg4+ Kh8 34. Bg7+ Kg8 35. Be5+ 1-0

[Event "RUS-chT Men Rapid 2019"]
[Site "Sochi"]
[Date "2019.10.18"]
[Round "5.20"]
[White "Yeritsyan, Aram"]
[Black "Rozum, Ivan"]
[Result "0-1"]
[ECO "B12"]
[WhiteElo "2271"]
[BlackElo "2599"]
[Annotator "ChessBase"]
[PlyCount "62"]
[EventDate "2019.10.18"]
[EventType "swiss"]
[EventCountry "RUS"]
[SourceTitle "playchess.com"]
[Source "ChessBase"]
[SourceQuality "1"]
[TimeControl "900+10"]

1. e4 c6 2. d4 d5 3. e5 Bf5 4. h4 h5 5. Bd3 Bxd3 6. Qxd3 Qa5+ 7. Nd2 e6 8. Ngf3 Nh6 9. O-O Nf5 10. c4 Be7 11. g3 Qa6 12. b3 c5 13. dxc5 Bxc5 14. Kg2 Nc6 15. Bb2 Rd8 16. Qe2 O-O 17. Rfe1 Nb4 18. Ng5 g6 19. cxd5 Nd3 20. Nde4 Bb4 21. Nf6+ Kh8 22. d6 Bxe1 23. Rxe1 Rc8 24. d7 Rc2 25. d8=Q Rxd8 26. Nxf7+ Kg7 27. Nxd8 Rxe2 28. Rxe2 Nf4+ 29. gxf4 Qxe2 30. Nxe6+ Kh8 31. Bd4 Qa6 0-1

[Event "RUS-chT Men Rapid 2019"]
[Site "Sochi"]
[Date "2019.10.18"]
[Round "5.21"]
[White "Kardashevskiy, Evgeny"]
[Black "Tekeyev, Zaur"]
[Result "1-0"]
[ECO "E67"]
[WhiteElo "2428"]
[BlackElo "2384"]
[Annotator "NA"]
[PlyCount "81"]
[EventDate "2019.10.18"]
[EventType "swiss"]
[EventCountry "RUS"]
[SourceTitle "playchess.com"]
[Source "ChessBase"]
[SourceQuality "1"]
[TimeControl "900+10"]

1. d4 Nf6 2. Nf3 g6 3. c4 Bg7 4. g3 O-O 5. Bg2 d6 6. O-O Nbd7 7. Nc3 e5 8. b3 Re8 9. e4 a6 10. Be3 Rb8 11. a4 exd4 12. Nxd4 Ne5 13. h3 c5 14. Nde2 Be6 15. f4 Nc6 16. Qd2 Na5 17. Rab1 Qd7 18. g4 Bxg4 19. hxg4 Nxg4 20. Bxc5 Qe7 21. Bf2 Nxf2 22. Rxf2 Nc6 23. Rd1 Rbd8 24. Nd5 Qh4 25. Qd3 Rb8 26. Qg3 Qxg3 27. Nxg3 Bd4 28. Rxd4 Nxd4 29. Nf6+ Kf8 30. Nxe8 Kxe8 31. Rd2 Nxb3 32. Rxd6 b5 33. Rxa6 b4 34. e5 Nc5 35. Ra5 Nd3 36. Rb5 Rc8 37. Ne4 Kf8 38. Nd6 Rc7 39. a5 Ra7 40. Bb7 b3 41. Nc8 1-0

[Event "RUS-chT Men Rapid 2019"]
[Site "Sochi"]
[Date "2019.10.18"]
[Round "5.22"]
[White "Kozak, Alexander"]
[Black "Suleymenov, Alisher"]
[Result "1-0"]
[ECO "B22"]
[WhiteElo "2230"]
[BlackElo "2370"]
[Annotator "NA"]
[PlyCount "201"]
[EventDate "2019.10.18"]
[EventType "swiss"]
[EventCountry "RUS"]
[SourceTitle "playchess.com"]
[Source "ChessBase"]
[SourceQuality "1"]
[TimeControl "900+10"]

1. e4 c5 2. c3 d5 3. exd5 Qxd5 4. d4 Nc6 5. Nf3 Bf5 6. Na3 cxd4 7. Bc4 Qe4+ 8. Be3 O-O-O 9. cxd4 e6 10. Qa4 Bb4+ 11. Kf1 Bxa3 12. Qxa3 Nh6 13. h3 Bg6 14. b4 Kb8 15. b5 Nxd4 16. Re1 Qc2 17. Rc1 Qe4 18. Nxd4 Rxd4 19. Qc5 Nf5 20. Be2 Nxe3+ 21. fxe3 Rdd8 22. Qc7+ Ka8 23. Bf3 Qd3+ 24. Kg1 Be4 25. Qf4 Bxf3 26. Qxf3 Qxb5 27. h4 Qd7 28. Kh2 Rc8 29. Rcd1 Qe7 30. Kh3 Rhd8 31. Qe4 g6 32. a4 a6 33. Rb1 Rd5 34. Rb6 Qc5 35. Rhb1 Rc7 36. R6b3 Ka7 37. Qf4 Rdd7 38. e4 Qd4 39. Rb4 Qd3+ 40. Kh2 Qd6 41. e5 Qc5 42. Re1 Rd5 43. Ree4 Qc1 44. Qf2+ Qc5 45. Qf4 Ka8 46. Qf6 h5 47. Qf4 Qe7 48. Rb6 Rdc5 49. Rbb4 Qd7 50. Red4 Rd5 51. Re4 Rd1 52. Qf3 Rd3 53. Qf4 Qd8 54. a5 Rd5 55. Qf3 Rxa5 56. Rb6 Qd5 57. Qf4 Qc5 58. Rb1 Rb5 59. Rd1 Ka7 60. Rdd4 Rb2 61. Rc4 Qb6 62. Rxc7 Qxc7 63. Rc4 Qd7 64. Qe3+ Ka8 65. Qc5 Rb5 66. Qf8+ Ka7 67. Rc8 Rxe5 68. Ra8+ Kb6 69. Rd8 Qc7 70. Rc8 Qd7 71. Rd8 Qc7 72. Rc8 Qd7 73. Rd8 Qb5 74. Qd6+ Ka7 75. Qb8+ Kb6 76. Qd6+ Ka5 77. Qa3+ Kb6 78. Qd6+ Ka7 79. Qb8+ Kb6 80. Qd6+ Ka5 81. Qa3+ Qa4 82. Qc3+ Kb6 83. Rd6+ Ka7 84. Qxe5 Qxh4+ 85. Kg1 Qe7 86. Qd4+ Kb8 87. Rd7 Qa3 88. Qf4+ Ka7 89. Qf2+ Kb8 90. Qxf7 Qa1+ 91. Kh2 Qe5+ 92. Kh3 Qf5+ 93. Qxf5 gxf5 94. Kg3 a5 95. Kf4 Ka7 96. Rd6 a4 97. Rxe6 b5 98. Ke3 a3 99. Kd4 b4 100. Kc4 a2 101. Re1 1-0

[Event "RUS-chT Men Rapid 2019"]
[Site "Sochi"]
[Date "2019.10.18"]
[Round "5.23"]
[White "Cherednichenko, Dmitrij"]
[Black "Nechaev, Oleg"]
[Result "0-1"]
[ECO "B31"]
[WhiteElo "2275"]
[BlackElo "2371"]
[Annotator "NA"]
[PlyCount "59"]
[EventDate "2019.10.18"]
[EventType "swiss"]
[EventCountry "RUS"]
[SourceTitle "playchess.com"]
[Source "ChessBase"]
[SourceQuality "1"]
[TimeControl "900+10"]

1. e4 c5 2. Nf3 Nc6 3. Bb5 g6 4. Bxc6 dxc6 5. Nc3 Bg7 6. d3 Nf6 7. Be3 b6 8. h3 O-O 9. Qd2 Ne8 10. O-O-O e5 11. Bh6 f6 12. Nh2 a5 13. Bxg7 Nxg7 14. f4 exf4 15. Qxf4 Ne6 16. Qh6 a4 17. a3 b5 18. Ng4 b4 19. Nb1 Nd4 20. Rdf1 Ne2+ 21. Kd1 Ng3 22. Ne3 Be6 23. Nd2 Qd4 24. Nec4 bxa3 25. Qf4 Nxh1 26. Rxh1 axb2 27. Ke2 a3 28. Nb6 a2 29. Nxa8 a1=Q 30. Nb1 0-1

[Event "RUS-chT Men Rapid 2019"]
[Site "Sochi"]
[Date "2019.10.18"]
[Round "5.24"]
[White "Nuristani, Iman"]
[Black "Navrodskiy, Boris"]
[Result "1-0"]
[ECO "D00"]
[WhiteElo "2171"]
[BlackElo "2197"]
[Annotator "NA"]
[PlyCount "91"]
[EventDate "2019.10.18"]
[EventType "swiss"]
[EventCountry "RUS"]
[SourceTitle "playchess.com"]
[Source "ChessBase"]
[SourceQuality "1"]
[TimeControl "900+10"]

1. d4 d5 2. Bf4 Nf6 3. e3 c5 4. c3 Nc6 5. Nf3 Qb6 6. Qb3 c4 7. Qc2 Bf5 8. Qc1 g6 9. Nbd2 Bg7 10. b3 cxb3 11. axb3 O-O 12. Be2 Nh5 13. O-O f6 14. Nh4 Nxf4 15. exf4 Bd7 16. Bf3 Be6 17. Re1 Bf7 18. g3 e5 19. dxe5 fxe5 20. Ng2 e4 21. Bg4 h5 22. Bh3 Qc5 23. Re3 Rad8 24. b4 Qb6 25. Rb1 d4 26. cxd4 Qxd4 27. Nxe4 Ba2 28. Re1 Bxb1 29. Qxb1 Qxb4 30. Qa2+ Kh8 31. Ng5 Nd4 32. Rb1 Qe7 33. Nh4 Rd6 34. Qa3 Nc6 35. Bf1 b6 36. Rc1 Qd7 37. Qa2 Nd4 38. Rd1 Bh6 39. Rxd4 Rxd4 40. Nxg6+ Kg7 41. Nxf8 Qd5 42. Qxa7+ Kxf8 43. Nh7+ Ke8 44. Nf6+ Kd8 45. Nxd5 Rxd5 46. Qxb6+ 1-0

[Event "RUS-chT Men Rapid 2019"]
[Site "Sochi"]
[Date "2019.10.18"]
[Round "5.25"]
[White "Smirnov, Timofey"]
[Black "Timofeev, Artyom"]
[Result "1/2-1/2"]
[ECO "C42"]
[WhiteElo "2354"]
[BlackElo "2595"]
[Annotator "ChessBase"]
[PlyCount "59"]
[EventDate "2019.10.18"]
[EventType "swiss"]
[EventCountry "RUS"]
[SourceTitle "playchess.com"]
[Source "ChessBase"]
[SourceQuality "1"]
[TimeControl "900+10"]

1. e4 e5 2. Nf3 Nf6 3. Nxe5 d6 4. Nf3 Nxe4 5. Nc3 Nxc3 6. dxc3 Be7 7. Be3 Nc6 8. Qd2 Be6 9. O-O-O Qd7 10. Kb1 a6 11. h4 O-O-O 12. Be2 Bf6 13. Ng5 Bxg5 14. hxg5 Kb8 15. Rh4 Bf5 16. Rdh1 Rhe8 17. Bd3 Bg6 18. Bxg6 hxg6 19. Rh7 Rg8 20. b3 d5 21. Bd4 Nxd4 22. Qxd4 Qf5 23. Rxg7 Rxg7 24. Qxg7 Qxf2 25. Rh7 d4 26. cxd4 Qxd4 27. Qxf7 Qd1+ 28. Kb2 Qd4+ 29. Kb1 Qd1+ 30. Kb2 1/2-1/2

[Event "RUS-chT Men Rapid 2019"]
[Site "Sochi"]
[Date "2019.10.18"]
[Round "5.26"]
[White "Iljin, Artem"]
[Black "Gurvich, Vitaly"]
[Result "1-0"]
[ECO "A33"]
[WhiteElo "2509"]
[BlackElo "2278"]
[Annotator "ChessBase"]
[PlyCount "145"]
[EventDate "2019.10.18"]
[EventType "swiss"]
[EventCountry "RUS"]
[SourceTitle "playchess.com"]
[Source "ChessBase"]
[SourceQuality "1"]
[TimeControl "900+10"]

1. Nf3 Nf6 2. c4 c5 3. Nc3 Nc6 4. d4 cxd4 5. Nxd4 e6 6. a3 Qb6 7. e3 Be7 8. g3 O-O 9. Bg2 a6 10. O-O Qc7 11. b3 b6 12. Bb2 Bb7 13. Nf3 Rac8 14. Rc1 Qb8 15. b4 Rfd8 16. Na4 Ba8 17. c5 bxc5 18. Nxc5 a5 19. Bxf6 gxf6 20. Nd4 Ne5 21. f4 Ng6 22. Bxa8 Qxa8 23. Qf3 Qa7 24. Nd3 Rxc1 25. Rxc1 axb4 26. axb4 Qa3 27. Qd1 Qa2 28. b5 Rb8 29. Qc2 Qd5 30. Qc4 Qe4 31. Kf2 f5 32. Qc7 Ra8 33. b6 Nh4 34. b7 Ra2+ 35. Rc2 Qg2+ 36. Ke1 Nf3+ 37. Nxf3 Rxc2 38. b8=Q+ Bf8 39. Qxc2 Qxc2 40. Nde5 Qc5 41. Ke2 Qd5 42. Qb2 f6 43. Nd3 Kg7 44. Qd4 Qc6 45. h3 h5 46. Qb2 Be7 47. Kf2 Qc4 48. Qe2 Kh6 49. Nd4 Qd5 50. Kg1 Qa8 51. Kh2 Qd5 52. g4 fxg4 53. hxg4 hxg4 54. Qxg4 Qa2+ 55. Qg2 Qb1 56. f5 Qb8+ 57. Kh3 Qe8 58. Qg4 e5 59. Ne2 d5 60. Ng3 Qf7 61. Ne1 Bc5 62. Ng2 Kh7 63. Nh5 Kh6 64. Ng7 Kh7 65. Ne6 Bf8 66. Qg6+ Qxg6 67. Nxf8+ Kh6 68. Nxg6 Kg5 69. Ne7 d4 70. exd4 exd4 71. Kg3 d3 72. Kf3 d2 73. Ke2 1-0

[Event "RUS-chT Men Rapid 2019"]
[Site "Sochi"]
[Date "2019.10.18"]
[Round "5.27"]
[White "Chizhikov, Vladislav"]
[Black "Faizrakhmanov, Ramil"]
[Result "0-1"]
[ECO "B11"]
[WhiteElo "2267"]
[BlackElo "2434"]
[Annotator "NA"]
[PlyCount "110"]
[EventDate "2019.10.18"]
[EventType "swiss"]
[EventCountry "RUS"]
[SourceTitle "playchess.com"]
[Source "ChessBase"]
[SourceQuality "1"]
[TimeControl "900+10"]

1. e4 c6 2. Nc3 d5 3. Nf3 Bg4 4. h3 Bxf3 5. Qxf3 e6 6. d3 Nd7 7. g3 Bc5 8. Bg2 Ne7 9. O-O O-O 10. Qe2 a5 11. Kh2 a4 12. a3 b5 13. e5 Nb6 14. h4 b4 15. axb4 Bxb4 16. Qg4 c5 17. Bg5 Kh8 18. Nb5 h6 19. Qh5 Kg8 20. Bc1 Nf5 21. Qg4 Qd7 22. c4 Rad8 23. Bf3 dxc4 24. dxc4 Qd3 25. Be2 Qc2 26. Nd6 Nxd6 27. exd6 f5 28. Qh5 Kh7 29. Bf4 Qxb2 30. Bg5 Rxd6 31. Be7 Rfd8 32. Bxd8 Rxd8 33. Rad1 Rd4 34. Bd3 Rxd3 35. Rxd3 Nxc4 36. Rd8 Ne3 37. Qe8 Nxf1+ 38. Kg1 Qb1 39. Qg8+ Kg6 40. Qxe6+ Kh5 41. Qe2+ Kg6 42. Qe8+ Kh7 43. Qg8+ Kg6 44. Rd6+ Kh5 45. Qe8+ Kg4 46. Qe2+ Kh3 47. Rd1 Nxg3 48. fxg3 Qe4 49. Qf2 Bc3 50. Qh2+ Kg4 51. Qg2 Qxg2+ 52. Kxg2 a3 53. Rf1 a2 54. Rf4+ Kh5 55. Rxf5+ Kg6 0-1